 Dungeon Crawl Stone Soup version 0.28-a0-861-ge64d6db94f (webtiles) character file.

Game seed: 16321403760507324035

28 siradein the Slasher (level 3, 0/28 HPs)
             Began as a Demonspawn Gladiator on Nov 16, 2021.
             Slain by a ball python (2 damage)
             ... on level 1 of the Dungeon.
             The game lasted 00:01:09 (815 turns).

siradein the Slasher (Demonspawn Gladiator)          Turns: 815, Time: 00:01:09

Health: 0/28       AC:  4    Str: 14    XL:     3   Next: 0%
Magic:  3/3        EV: 12    Int:  9    God:
Gold:   58         SH:  0    Dex: 17    Spells: 2/2 levels left

rFire   . . .      SeeInvis .   e - +2 dagger (elec)
rCold   . . .      Faith    .   (no shield)
rNeg    . . .      Spirit   .   b - +0 leather armour
rPois   .          Reflect  .   c - +0 helmet
rElec   .          Harm     .   (no cloak)
rCorr   .          Rampage  .   (no gloves)
Will    .....                   (no boots)
Stlth   ++........              (no amulet)
HPRegen 0.09/turn               (no ring)
MPRegen 0.08/turn               (no ring)

@: no status effects
A: thin skeletal structure 1, demonic touch 1
a: no special abilities


You were on level 1 of the Dungeon.
You visited 1 branch of the dungeon, and saw 1 of its levels.

You collected 58 gold pieces.

Inventory:

Hand Weapons
 a - a +0 long sword
 e - a +2 dagger of electrocution (weapon)
Missiles
 d - 3 throwing nets (quivered)
Armour
 b - a +0 leather armour (worn)
 c - a +0 helmet (worn)
Scrolls
 g - a scroll of identify {unknown}
Potions
 f - a potion of attraction {unknown}


   Skills:
 + Level 2.4 Fighting
 + Level 3.0 Long Blades
 + Level 2.2 Throwing
 + Level 3.0 Dodging


You had 2 spell levels left.
You didn't know any spells.
Your spell library contained the following spells:

 Spells                   Type           Power      Damage    Failure   Level
 Call Canine Familiar     Summ           0%         N/A       83%         3
 Portal Projectile        Hex/Tloc       0%         N/A       83%         3
 Leda's Liquefaction      Hex/Erth       0%         N/A       99%         4


Dungeon Overview and Level Annotations

Branches:
Dungeon (1/15)

Altars:


Innate Abilities, Weirdness & Mutations

You have a somewhat thin skeletal structure. (Dex +2, Stealth+)
Your touch may inflict minor irresistible damage on your foes.


Message History

The gnoll hits you with a +0 flail!
You hit the gnoll.
The gnoll is lightly wounded.
The gnoll hits you with a +0 flail!
You are too injured to fight recklessly!
You are too injured to fight recklessly!
You are too injured to fight recklessly!
You hit the gnoll.
The gnoll is lightly wounded.
The gnoll hits you with a +0 flail!
* * * LOW HITPOINT WARNING * * *
A ball python comes into view.
Found a coral ring.
The ball python moves out of view.
A ball python comes into view.
Found a faded altar of an unknown god.
The ball python barely misses you. The ball python grabs you.
The ball python constricts you.
You hit the ball python.
The ball python is moderately wounded.
The gnoll barely misses you. The ball python barely misses you.
The ball python constricts you.
* * * LOW HITPOINT WARNING * * *
You hit the ball python.
You kill the ball python!
The gnoll barely misses you.
You have reached level 3!
Your experience leads to an increase in your attributes!
Increase (S)trength, (I)ntelligence, or (D)exterity?
You feel agile.
Your demonic ancestry asserts itself...
Your hands begin to faintly glow with unholy energy.
A ball python comes into view.
You see here a ring of willpower.
A ball python comes into view.
The ball python hisses angrily. x3; You hear an angry hiss.
A ball python comes into view.
The ball python bites you.
* * * LOW HITPOINT WARNING * * *
The ball python barely misses you.
The ball python bites you but does no damage.
The ball python completely misses you. The ball python bites you.
You die...

## .. ##. .## . ##..#
#..#. ....###....
#...#...# #.....#
##S_.## # ##.SSg.#### #
## #.S@#..=#.# #.###.
#.....###....#####.#.>.
#.#..# ##..#....#.....
# ##..###..#####.#.....
### #.####.#..........
#.# #..# ##.##.#.....
#.###..# ###.#...#..†.
#....[.# #............
#..##..# #.......###.#


You could see a gnoll and 4 ball pythons.

Vanquished Creatures
  A gnoll (D:1)
  An endoplasm (D:1)
  2 goblins (D:1)
  3 hobgoblins (D:1)
  2 jackals (D:1)
  A quokka (D:1)
  2 ball pythons (D:1)
  4 bats (D:1)
  A rat (D:1)
17 creatures vanquished.

Notes
Turn   | Place    | Note
-------+----------+-------------------------------------------
     0 | D:1      | siradein the Demonspawn Gladiator began the quest for the
                  | Orb.
     0 | D:1      | Reached XP level 1. HP: 16/16 MP: 1/1
   387 | D:1      | Gained mutation: You have a somewhat thin skeletal
                  | structure. (Dex +2, Stealth+) [demonic ancestry]
   387 | D:1      | Reached XP level 2. HP: 17/22 MP: 2/2
   805 | D:1      | Found a faded altar of an unknown god.
   808 | D:1      | Gained mutation: Your touch may inflict minor irresistible
                  | damage on your foes. [demonic ancestry]
   808 | D:1      | Reached XP level 3. HP: 2/28 MP: 3/3
   815 | D:1      | Slain by a ball python

Illustrated notes

Levels and vault maps discovered:
D:1:      minmay_arrival_solitary_statue, layout_loops_ring,
          nicolae_ecumenical_snake_handling, minmay_misc_feat_secret_circle,
          st_stairs_10

Skill      XL: |  1  2 |
---------------+-------+-----
Throwing       | 2 |  2.2
Long Blades    | 3 |  3.0
Dodging        | 3 |  3.0
Fighting       | |  2.4

Action                   || total
-------------------------++-------
Melee: Long sword        ||    18
       Dagger            ||    29
 Stab: Sleeping          ||     3
Armor: Leather armour    ||    16
Dodge: Dodged            ||    31

Table legend: (Time is in decaauts)
 A = Elapsed time spent in this place.
 B = Non-inter-level travel time spent in this place.
 C = Inter-level travel time spent in this place.
 D = Time resting spent in this place.
 E = Time spent auto-exploring this place.
 F = Levels seen in this place.
 G = Mean time per level.
                   A        B        C        D        E       F      G
               +--------+--------+--------+--------+--------+-----+--------+
         Total |    816 |    816 |      0 |      0 |    686 |   1 |  816.0 |
       Dungeon |    816 |    816 |      0 |      0 |    686 |   1 |  816.0 |
               +--------+--------+--------+--------+--------+-----+--------+

Top non-repeatable levels by time:
     D:1: 816 daAuts
